 Dungeon Sprint DCSS version 0.29-a0-620-g13ace881f2 (webtiles) character file.

Game seed: 3183106152975842816

3 shadowstone the Covered (level 1, -3/15 HPs)
             Began as a Gargoyle Fighter on June 18, 2022.
             Slain by a water moccasin (4 damage)
             ... in the Dungeon (Sprint VI: "Thunderdome").
             The game lasted 00:01:46 (220 turns).

shadowstone the Covered (Gargoyle Fighter)           Turns: 220, Time: 00:01:47

Health: -3/15      AC:  9    Str: 19    XL:     1   Next: 80%
Magic:  1/1        EV:  9    Int:  8    God:
Gold:   210        SH:  4    Dex:  9    Spells: 0/0 levels left

rFire   . . .      SeeInvis .   a - +0 long sword
rCold   . . .      Faith    .   c - +0 buckler
rNeg    + . .      Spirit   .   b - +0 scale mail
rPois   ∞          Reflect  .   (no helmet)
rElec   +          Harm     .   (no cloak)
rCorr   .          Rampage  .   (no gloves)
Will    .....      NoTele   +   (no boots)
Stlth   ..........              (no amulet)
HPRegen 0.05/turn               (no ring)
MPRegen 0.07/turn               (no ring)

@: no status effects
A: sickness immunity, AC +2, negative energy resistance 1, electricity
resistance, torment resistance 1, petrification resistance
a: no special abilities


You were in the Dungeon.
You visited 1 branch You collected 210 gold pieces.

Inventory:

Hand Weapons
 a - a +0 long sword (weapon)
Armour
 b - a +0 scale mail (worn)
 c - a +0 buckler (worn)
Wands
 l - a wand of acid (5)
 m - a wand of iceblast (5)
Scrolls
 j - 4 scrolls of blinking
 n - 3 scrolls of fog
Potions
 d - a potion of might
 e - a potion of curing
 f - 4 potions of heal wounds
 g - 4 potions of haste
 h - 2 potions of magic
 i - a potion of berserk rage
 k - a potion of resistance


   Skills:
 + Level 3.9 Fighting
 + Level 2.0 Long Blades
 + Level 4.0 Armour
 + Level 3.8 Shields


You couldn't memorise any spells.
You didn't know any spells.
Your spell library was empty.

Dungeon Overview and Level Annotations

Branches:
Dungeon (1/1)

Altars:
Dithmenos
Makhleb
Qazlal
Ru
Wu Jian
Xom
Yredelemnul
Zin
Beogh
Lugonu

Shops:
D ??:(!!!!


Innate Abilities, Weirdness & Mutations

You are immune to sickness and miasma.
Your stone body is resilient. (AC +2)
You are immune to poison.
You resist negative energy. (rN+)
You are resistant to electric shocks. (rElec)
You are resistant to unholy torment.
You are immune to petrification.


Message History

You barely miss the ball python.
The ball python bites you but does no damage.
The ball python grabs you. The ball python constricts you.
You hit the ball python.
The ball python is heavily wounded.
The ball python bites you but does no damage.
The ball python constricts you.
The ball python bites you but does no damage.
The ball python constricts you.
You hit the ball python.
You kill the ball python!
Your Long Blades skill increases to level 2!
Your Armour skill increases to level 4!
There is a spawn point here.
There is a spawn point here.
You start resting.
A water moccasin comes into view.
A water moccasin is nearby!
A water moccasin is nearby!
The water moccasin hisses angrily.
A water moccasin comes into view.
The water moccasin hisses angrily.
You barely miss the water moccasin.
The water moccasin closely misses you. x2
You closely miss the water moccasin.
The water moccasin bites you but does no damage.
The water moccasin barely misses you. You block the water moccasin's attack.
You barely miss the water moccasin. The water moccasin bites you.
You block the water moccasin's attack.
You closely miss the water moccasin.
The water moccasin bites you but does no damage.
The water moccasin bites you.
* * * LOW HITPOINT WARNING * * *
You block the water moccasin's attack. The water moccasin bites you.
* * * LOW HITPOINT WARNING * * *
You slash the water moccasin!
The water moccasin is moderately wounded.
The water moccasin bites you.
* * * LOW HITPOINT WARNING * * *
The water moccasin bites you.
You die...

##### ##⌠⌠⌠## #.....#
##.....## ##∩.@S..∩##
#∩..S....∩#
#.........#
#_......._#
#_[......_#
###.........###
#⌠...........⌠#
#.8.........8.######
.......###......___∩##


You could see 2 water moccasins.

Vanquished Creatures
  2 orcs (D)
  A ball python (D)
3 creatures vanquished.

Notes
Turn   | Place    | Note
-------+----------+-------------------------------------------
     0 | D        | shadowstone the Gargoyle Fighter began the quest for the
                  | Orb.
     0 | D        | Reached XP level 1. HP: 14/14 MP: 1/1
     1 | D        | Found a sacrificial altar of Ru.
     1 | D        | Found a shimmering altar of Xom.
     5 | D        | Round 1.
    10 | D        | Found a stormy altar of Qazlal.
    12 | D        | Found a basalt altar of Yredelemnul.
    12 | D        | Found a shadowy altar of Dithmenos.
    12 | D        | Found Jixt's Staff Store.
    12 | D        | Found Iwkipp's Magic Scroll Shop.
    13 | D        | Found Joluyth's Must-Have Magic.
    13 | D        | Found Lexuhuc's Magic Scroll Shop.
    15 | D        | Found an ornate altar of the Wu Jian Council.
    19 | D        | Found Ammuathre's Distillery.
    21 | D        | Found a corrupted altar of Lugonu.
    21 | D        | Found a burning altar of Makhleb.
    21 | D        | Found a glowing silver altar of Zin.
    21 | D        | Found Valiadej's Do-It-Yourself Clinic.
    22 | D        | Found Ymesh's Distillery.
    22 | D        | Found Uptel's Bottled Wisdom.
    87 | D        | Noticed an orc wizard
   164 | D        | Arena points: 3 (+3) [x1]
   179 | D        | Round 2.
   209 | D        | Reached skill level 4 in Armour
   212 | D        | Noticed a water moccasin
   214 | D        | Noticed a water moccasin
   220 | D        | Slain by a water moccasin

Illustrated notes

Levels and vault maps discovered:
D:        arena_sprint

Skill      XL: |  1 |
---------------+----+-----
Long Blades    | 2 |  2.0
Armour         | 4 |  4.0
Fighting       | |  3.9
Shields        | |  3.8

Action                   || total
-------------------------++-------
Melee: Long sword        ||    16
Armor: Scale mail        ||     9
Dodge: Dodged            ||     6
Block: Buckler           ||     3

Table legend: (Time is in decaauts)
 A = Elapsed time spent in this place.
 B = Non-inter-level travel time spent in this place.
 C = Inter-level travel time spent in this place.
 D = Time resting spent in this place.
 E = Time spent auto-exploring this place.
 F = Levels seen in this place.
 G = Mean time per level.
                   A        B        C        D        E       F      G
               +--------+--------+--------+--------+--------+-----+--------+
         Total |    225 |    223 |      2 |     99 |      0 |   1 |  225.0 |
       Dungeon |    225 |    223 |      2 |     99 |      0 |   1 |  225.0 |
               +--------+--------+--------+--------+--------+-----+--------+

Top non-repeatable levels by time:
       D: 225 daAuts
